 Dungeon Crawl Stone Soup version 0.29-a0-872-g797fff5ad1 (webtiles) character file.

Game seed: 10361336539693480527

7760 27snakeeyes612 the Fighter (level 11, -4/184 HPs)
             Began as an Ogre Berserker on July 18, 2022.
             Was a Priest of Trog.
             Slain by Grum
             ... wielding a +0 spear
              (15 damage)
             ... on level 9 of the Dungeon.
             The game lasted 00:07:18 (9774 turns).

27snakeeyes612 the Fighter (Ogre Berserker)         Turns: 9774, Time: 00:07:18

Health: -4/184     AC: 10    Str: 30    XL:     11   Next: 20%
Magic:  11/11      EV: 12    Int:  8    God:    Trog [***...]
Gold:   666        SH:  0    Dex: 12    Spells: 10/10 levels left

rFire   . . .      SeeInvis +   d - +10 falchion of Instant Death {vorpal, Will- Str+3 Dex+4 SInv}
rCold   . . .      Faith    .   (no shield)
rNeg    + . .      Spirit   .   I - +0 acid dragon scales
rPois   .          Reflect  .   G - +2 hat {Stlth+}
rElec   .          Harm     .   w - +0 cloak
rCorr   +          Rampage  .   (gloves unavailable)
Will    ++...                   (boots unavailable)
Stlth   ..........              (no amulet)
HPRegen 1.40/turn               h - ring of positive energy
MPRegen 0.12/turn               (no ring)

@: berserking, strong-willed, regenerating, very quick
A: large, unfitting armour, tough skin 1
a: Renounce Religion, Berserk, Trog's Hand


You were on level 9 of the Dungeon.
You worshipped Trog.
Trog was most pleased with you.
You visited 1 branch of the dungeon, and saw 9 of its levels.

You collected 666 gold pieces.

Inventory:

Hand Weapons
 a - a +1 mace
 d - the +10 falchion of Instant Death (weapon) {vorpal, Will- Str+3 Dex+4 SInv}
   (You found it on level 4 of the Dungeon)

   It inflicts extra damage upon your enemies.
   Str:       It affects your strength (+3).
   Dex:       It affects your dexterity (+4).
   SInv:      It lets you see invisible.
   Will:      It decreases your willpower.
 j - a +0 morningstar
Missiles
 i - 5 atropa-tipped darts
 y - 5 silver boomerangs (quivered)
Armour
 b - a +1 animal skin
 w - a +0 cloak (worn)
 B - +0 steam dragon scales
 G - a +2 hat of stealth (worn)
 I - +0 acid dragon scales (worn)
Jewellery
 h - a ring of positive energy (left hand)
 x - a +4 ring of slaying
Wands
 r - a wand of light (11)
 t - a wand of iceblast (23)
 A - a wand of digging (5)
 J - a wand of flame (13)
Scrolls
 m - a scroll of blinking
 p - a scroll of enchant armour
 q - 3 scrolls of teleportation
 s - a scroll of silence
 v - 3 scrolls of identify
 C - 3 scrolls of poison
 H - a scroll of fear
 K - a scroll of brand weapon {unknown}
Potions
 c - 2 potions of ambrosia {unknown}
 e - 2 potions of attraction {unknown}
 f - 2 potions of lignification {unknown}
 g - a potion of brilliance {unknown}
 k - 2 potions of flight {unknown}
 l - 3 potions of might {unknown}
 n - 3 potions of mutation {unknown}
 o - a potion of heal wounds {unknown}
 u - a potion of cancellation {unknown}
 z - 2 potions of curing {unknown}
 D - a potion of resistance {unknown}
 E - a potion of magic {unknown}
 F - a potion of berserk rage {unknown}


   Skills:
 + Level 11.7 Fighting
 + Level 7.3 Long Blades
 - Level 3.5 Maces & Flails
 + Level 8.5 Throwing
 + Level 8.3 Dodging


You had 10 spell levels left.
You didn't know any spells.
Your spell library was empty.

Dungeon Overview and Level Annotations

Branches:
Dungeon (9/15)             Temple (0/1) D:7
   Lair: D:8-11         Orc: D:9-12

Altars:
Kikubaaqudgha
Okawaru
Ru
Trog
Zin

Annotations:
D:9 Grum


Innate Abilities, Weirdness & Mutations

You are too large for most types of armour.
You have tough skin. (AC +1)


Message History

Grum hits you from afar with a +0 spear!
The wolf bites you. The wolf attacks as you move away! The wolf bites you.
* * * LOW HITPOINT WARNING * * *
The wolf barely misses you.
Your skin crawls.
You feel strong-willed. The wolf bites you!
* * * LOW HITPOINT WARNING * * *
The wolf bites you.
* * * LOW HITPOINT WARNING * * *
A red film seems to cover your vision as you go berserk!
You feel yourself moving faster!
You feel mighty! The wolf bites you!
* * * LOW HITPOINT WARNING * * *
Grum barely misses you. The wolf bites you!
* * * LOW HITPOINT WARNING * * *
You closely miss the wolf.
The wolf is severely wounded.
Grum stares intently and grunts.
Grum hits you but does no damage. The wolf closely misses you.
You barely miss the wolf.
The wolf is severely wounded.
Grum hits you from afar with a +0 spear.
* * * LOW HITPOINT WARNING * * *
The wolf bites you but does no damage.
You hit the wolf but do no damage.
The wolf is severely wounded.
You barely miss the wolf.
The wolf is severely wounded.
The wolf bites you.
* * * LOW HITPOINT WARNING * * *
Grum hits you from afar with a +0 spear!
* * * LOW HITPOINT WARNING * * *
You slash the wolf!
You kill the wolf!
Trog accepts your kill. The wolf barely misses you.
You barely miss the wolf.
Grum hits you from afar with a +0 spear!
You die...

#####.## ###......#
......... #......#
#......# #......#
#...?gh# #h# ###@#
##...# #..### #.## #
###.###### #.# ###
#........# ####.###≈≈≈
#........####......[≈..
#..........##.......≈≈
#........#..#.......#


You could see Grum and 2 wolves.

Vanquished Creatures
  Gastronok (D:8)
  2 two-headed ogres
  The ghost of capka3m the Digger, a novice MeEE of Cheibriados (D:5)
  The ghost of Querens the Shield-Bearer, a novice MeFi of Okawaru (D:5)
  Pikel (D:5)
  The ghost of hackon the Trooper, an amateur HuMo of Ignis (D:4)
  Grinder (D:4)
  5 yaks (D:8)
  2 wyverns
  A steam dragon (D:7)
  An acid dragon (D:8)
  Duvessa (D:5)
  3 water moccasins
  The ghost of ertgterg the Sneak, an amateur FeEn (D:5)
  4 ice beasts
  An ogre (D:5)
  2 wolves (D:9)
  A centaur (D:8)
  2 lemures (D:5)
  2 kobold brigands
  4 bullfrogs
  2 scorpions (D:4)
  Dowan (D:5)
  4 killer bees (D:8)
  Crazy Yiuf (D:5)
  4 hounds
  3 jellies
  2 iguanas
  4 orc wizards
  8 adders
  4 gnolls (D:4)
  2 white imps
  An ufetubus (D:5)
  A worm (D:2)
  4 dart slugs
  8 orcs
  6 ball pythons
  2 endoplasms
  A giant cockroach (D:3)
  4 goblins
  11 hobgoblins
  3 jackals (D:1)
  3 quokkas
  4 frilled lizards
  24 kobolds
  6 rats
151 creatures vanquished.

Notes
Turn   | Place    | Note
-------+----------+-------------------------------------------
     0 | D:1      | 27snakeeyes612 the Ogre Berserker began the quest for the
                  | Orb.
     0 | D:1      | Reached XP level 1. HP: 24/24 MP: 1/1
   170 | D:1      | Reached XP level 2. HP: 7/32 MP: 2/2
  1199 | D:2      | Reached skill level 1 in Throwing
  1245 | D:2      | Reached XP level 3. HP: 36/40 MP: 3/3
  1363 | D:2      | You fall into a shaft and drop 1 floor!
  1367 | D:3      | Found a faded altar of an unknown god.
  1453 | D:2      | Found a sacrificial altar of Ru.
  2535 | D:3      | Reached ** piety under Trog
  2544 | D:3      | Reached XP level 4. HP: 49/49 MP: 4/4
  2923 | D:4      | Found a runed translucent gate.
  2925 | D:4      | Found a runed translucent gate.
  2925 | D:4      | Noticed hackon's ghost (amateur HuMo)
  2926 | D:4      | Found a runed translucent gate.
  2926 | D:4      | Noticed a kobold brigand
  2991 | D:4      | Identified the +10 falchion of Instant Death {vorpal, Will-
                  | Str+3 Dex+4 SInv}
  2995 | D:4      | Noticed a scorpion
  3001 | D:4      | Killed a scorpion
  3002 | D:4      | Reached skill level 5 in Fighting
  3002 | D:4      | Reached XP level 5. HP: 57/57 MP: 5/5
  3149 | D:4      | Noticed Grinder
  3156 | D:4      | Killed Grinder
  3157 | D:4      | Reached skill level 1 in Long Blades
  3157 | D:4      | Reached XP level 6. HP: 67/67 MP: 6/6
  3429 | D:4      | Reached skill level 6 in Fighting
  3515 | D:4      | Reached XP level 7. HP: 65/75 MP: 7/7
  4106 | D:4      | Killed hackon's ghost
  4395 | D:5      | Entered Level 5 of the Dungeon
  4483 | D:5      | Found a runed translucent gate.
  4484 | D:5      | Found a runed translucent gate.
  4485 | D:5      | Found a runed translucent gate.
  4487 | D:5      | Noticed ertgterg's ghost (amateur FeEn)
  4487 | D:5      | Noticed capka3m's ghost (novice MeEE)
  4487 | D:5      | Noticed Querens's ghost (novice MeFi)
  4500 | D:5      | Found an ancient bone altar of Kikubaaqudgha.
  4572 | D:5      | Reached skill level 7 in Fighting
  4572 | D:5      | Reached XP level 8. HP: 56/87 MP: 8/8
  4731 | D:5      | Reached skill level 5 in Dodging
  4901 | D:5      | Found an iron altar of Okawaru.
  4901 | D:5      | Found a glowing silver altar of Zin.
  5098 | D:5      | Found a runed translucent door.
  5099 | D:5      | Noticed Crazy Yiuf
  5240 | D:5      | Found a bloodstained altar of Trog.
  5274 | D:5      | Noticed Pikel
  5282 | D:5      | Noticed Duvessa
  5288 | D:5      | Noticed Dowan
  5302 | D:5      | Killed Duvessa
  5307 | D:5      | Killed Pikel
  5308 | D:5      | Reached skill level 8 in Fighting
  5308 | D:5      | Reached skill level 5 in Throwing
  5308 | D:5      | Reached XP level 9. HP: 80/96 MP: 9/9
  5309 | D:5      | Killed Dowan
  5655 | D:5      | Killed ertgterg's ghost
  5669 | D:5      | Killed Querens's ghost
  5685 | D:5      | Killed capka3m's ghost
  5686 | D:5      | Reached skill level 9 in Fighting
  5686 | D:5      | Reached skill level 5 in Long Blades
  6086 | D:5      | Killed Crazy Yiuf
  6729 | D:6      | Reached XP level 10. HP: 110/110 MP: 10/10
  6858 | D:6      | Reached *** piety under Trog
  7318 | D:7      | Reached skill level 10 in Fighting
  7460 | D:7      | Found a staircase to the Ecumenical Temple.
  8464 | D:8      | Noticed a two-headed ogre
  8475 | D:8      | Killed a two-headed ogre
  8994 | D:8      | Reached skill level 11 in Fighting
  9013 | D:8      | Noticed Gastronok
  9025 | D:8      | Killed Gastronok
  9026 | D:8      | Reached XP level 11. HP: 75/120 MP: 11/11
  9724 | D:9      | Noticed a two-headed ogre
  9727 | D:9      | Killed a two-headed ogre
  9756 | D:9      | Noticed Grum
  9772 | D:9      | HP: 9/184 [Grum/+0 spear (9)]
  9774 | D:9      | Slain by Grum

Illustrated notes

Levels and vault maps discovered:
D:1:      minmay_arrival_jagged, layout_basic
D:2:      layout_basic, basic_altar
D:3:      layout_basic, hellmonk_ecumenical_altar_leap_of_faith
D:4:      layout_loops_ring, gammafunk_ghost_nasty_kobolds, uniq_grinder
D:5:      layout_loops_corners, old_standard_altar,
          nicolae_overflow_hidden_temple, mainiacjoe_overflow_24_doors,
          gammafunk_ghost_cemetery, uniq_pikel, uniq_crazy_yiuf_cottage,
          uniq_duvessa
D:6:      layout_loops_corners
D:7:      layout_cave_pods, minmay_temple_entry_glassed_door
D:8:      layout_basic, uniq_gastronok
D:9:      layout_roguey, serial_rivers, chequers_serial_rivers_room_b,
          chequers_serial_rivers_marsh, chequers_serial_rivers_micro_a,
          chequers_serial_rivers_micro_d, chequers_serial_rivers_small_a,
          serial_shops, nicolae_shop_trees, uniq_grum

Skill      XL: |  1  2  3  4  5  6  7  8  9 10 |
---------------+-------------------------------+-----
Maces & Flails | 3 |  3.5
Throwing       | 1 2 3 4 5 6 8 |  8.5
Dodging        | 3 4 5 6 8 |  8.3
Fighting       | 5 6 7 8 9 11 | 11.7
Long Blades    | 1 2 3 4 5 7 |  7.3

Action                   |  1- 3 |  4- 6 |  7- 9 | 10-12 || total
-------------------------+-------+-------+-------+-------++-------
Melee: Mace              |   146 |    28 |       |       ||   174
       Falchion          |       |    29 |   139 |   144 ||   312
       Punch             |       |     1 |     1 |     2 ||     4
Throw: Boomerang         |       |       |       |    41 ||    41
Invok: Berserk           |     1 |     2 |     4 |     3 ||    10
       Trog's Hand       |       |     1 |       |     1 ||     2
  Use: Scroll            |       |     9 |       |     2 ||    11
 Stab: Sleeping          |       |       |     1 |     1 ||     2
Armor: Animal skin       |    44 |    15 |    23 |     8 ||    90
       Steam dragon scal |       |       |       |    34 ||    34
       Acid dragon scale |       |       |       |    16 ||    16
Dodge: Dodged            |    80 |    25 |    81 |   105 ||   291

Table legend: (Time is in decaauts)
 A = Elapsed time spent in this place.
 B = Non-inter-level travel time spent in this place.
 C = Inter-level travel time spent in this place.
 D = Time resting spent in this place.
 E = Time spent auto-exploring this place.
 F = Levels seen in this place.
 G = Mean time per level.
                   A        B        C        D        E       F      G
               +--------+--------+--------+--------+--------+-----+--------+
         Total |   9912 |   9681 |    231 |   1186 |   7256 |   9 | 1101.3 |
       Dungeon |   9912 |   9681 |    231 |   1186 |   7256 |   9 | 1101.3 |
               +--------+--------+--------+--------+--------+-----+--------+

Top non-repeatable levels by time:
     D:5: 1807 daAuts
     D:8: 1621 daAuts
     D:4: 1524 daAuts
     D:1: 1163 daAuts
     D:2: 1053 daAuts
     D:6: 1009 daAuts
     D:7: 915 daAuts
     D:3: 744 daAuts
     D:9: 72 daAuts
